 Dungeon Crawl Stone Soup version 0.31-a0-426-g3a05650e59 (webtiles) character file.

Game seed: 10935418554125134666

8407 arthad the Slicer (level 11, -9/83 HPs)
             Began as a Gnoll Wanderer on July 30, 2023.
             Was an Elder of Cheibriados.
             Mangled by a death yak (22 damage)
             ... on level 10 of the Dungeon.
             The game lasted 00:35:06 (12079 turns).

arthad the Slicer (Gnoll Wanderer)                 Turns: 12079, Time: 00:35:06

Health: -9/83      AC: 12    Str: 21    XL:     11   Next: 30%
Magic:  23/23      EV: 16    Int: 32    God:    Cheibriados [****..]
Gold:   270        SH:  5    Dex: 22    Spells: 6/26 levels left

rFire   + . .        F - +6 rapier (vamp)
rCold   + . .        (no shield)
rNeg    . . .        C - +2 robe {rC+ rF+}
rPois   .            (no helmet)
rElec   .            A - +1 cloak
rCorr   .            k - +0 pair of gloves
SInv    .            (no boots)
Will    .....        f - amulet of reflection
Stlth   ++++         l - +4 ring of protection
HPRegen 0.33/turn    g - +6 ring of intelligence
MPRegen 0.18/turn

%: reflection
@: very slow
A: fangs 1, strong nose, distributed training
a: Renounce Religion, Bend Time, Temporal Distortion, Slouch


You were on level 10 of the Dungeon.
You worshipped Cheibriados.
Cheibriados was greatly pleased with you.
You visited 2 branches of the dungeon, and saw 11 of its levels.
You also visited: Ossuary.

You collected 606 gold pieces.
You spent 336 gold pieces at shops.

Inventory:

Hand Weapons
 a - a +1 short sword
 x - a +1 short sword of holy wrath
 B - a +2 whip of electrocution
 F - a +6 vampiric rapier (weapon)
Missiles
 u - 20 poisoned darts
Armour
 c - a +0 robe
 k - a +0 pair of gloves (worn)
 n - a +0 buckler
 A - a +1 cloak (worn)
 C - a +2 robe of resistance (worn)
 L - an orb of mayhem
 Q - the +10 chain mail of Dishonour {rPois rCorr Str-5}
   (You found it on level 7 of the Dungeon)

   Str:       It affects your strength (-5).
   rPois:     It protects you from poison.
   rCorr:     It protects you from acid and corrosion.
 S - a +0 kite shield
 U - +0 acid dragon scales
Jewellery
 d - an amulet of guardian spirit
 f - an amulet of reflection (around neck)
 g - a +6 ring of intelligence (right hand)
 l - a +4 ring of protection (left hand)
 w - a ring of willpower
 N - an amulet of faith
 P - a ring of flight
 T - a +6 ring of strength
Wands
 e - a wand of polymorph (10)
 D - a wand of light (8)
Scrolls
 b - 4 scrolls of teleportation
 h - 3 scrolls of amnesia
 j - a scroll of torment
 m - 2 scrolls of summoning
 p - 3 scrolls of poison
 q - a scroll of silence
 s - 2 scrolls of fog
 t - 2 scrolls of blinking
 y - 2 scrolls of enchant armour {unknown}
 E - 2 scrolls of noise {unknown}
 G - 2 scrolls of enchant weapon {unknown}
 H - 3 scrolls of revelation
 K - a scroll of fear {unknown}
 R - 3 scrolls of identify
Potions
 i - a potion of haste {unknown}
 o - 2 potions of resistance {unknown}
 r - 6 potions of curing
 v - 2 potions of might {unknown}
 z - 4 potions of mutation {unknown}
 I - a potion of lignification {unknown}
 J - a potion of enlightenment {unknown}
 M - a potion of ambrosia {unknown}
 O - 2 potions of attraction {unknown}


   Skills:
 + Level 6.8 Fighting
 + Level 9.2 Short Blades
 + Level 6.2 Long Blades
 + Level 6.2 Axes
 + Level 6.2 Maces & Flails
 + Level 6.2 Polearms
 + Level 6.2 Staves
 + Level 6.2 Ranged Weapons
 + Level 6.2 Throwing
 + Level 6.2 Armour
 + Level 6.2 Dodging
 + Level 6.7 Stealth
 + Level 6.2 Shields
 + Level 6.2 Unarmed Combat
 + Level 8.1 Spellcasting
 + Level 5.2 Conjurations
 + Level 5.2 Hexes
 + Level 5.2 Summonings
 + Level 7.6 Necromancy
 + Level 5.2 Translocations
 + Level 5.2 Transmutations
 + Level 5.2 Fire Magic
 + Level 5.2 Ice Magic
 + Level 5.2 Air Magic
 + Level 5.2 Earth Magic
 + Level 5.2 Poison Magic
 + Level 6.9 Invocations
 + Level 6.2 Evocations
 + Level 5.2 Shapeshifting


You had 6 spell levels left.
You knew the following spells:

 Your Spells              Type           Power      Damage    Failure   Level
a - Necrotise             Necr           100%       1d9       1%          1
b - Sublimation of Blood  Necr           58%        N/A       1%          2
c - Dispel Undead         Necr           58%        3d21      1%          4
d - Summon Guardian Gole  Hex/Summ       46%        N/A       1%          3
e - Anguish               Hex/Necr       26%        N/A       2%          4
f - Blink                 Tloc           92%        N/A       1%          2
g - Iskenderun's Mystic   Conj/Tloc      46%        2d10      4%          4

Your spell library contained the following spells:

 Spells                   Type           Power      Damage    Failure   Level
 Freeze                   Ice            100%       1d10      1%          1
 Ensorcelled Hibernation  Hex/Ice        92%        N/A       1%          2
 Lesser Beckoning         Tloc           92%        N/A       1%          2
 Momentum Strike          Conj/Tloc      92%        3d10      1%          2
 Static Discharge         Conj/Air       92%        2-6/arc   1%          2
 Frozen Ramparts          Ice            92%        1d14      1%          3
 Hailstorm                Conj/Ice       46%        3d11      1%          3
 Volatile Blastmotes      Fire/Tloc      92%        2d17      1%          3
 Airstrike                Air            23%        2d(4-20)  4%          4
 Fulminant Prism          Conj/Hex       23%        3d12      4%          4
 Summon Lightning Spire   Summ/Air       46%        N/A       4%          4
 Orb of Destruction       Conj           23%        9d8       98%         7
 Spellforged Servitor     Conj/Summ      23%        N/A       98%         7


Dungeon Overview and Level Annotations

Branches:
Dungeon (10/15)            Temple (1/1) D:6         Ossuary (visited)
   Lair: D:8-11         Orc: D:9-12

Altars:
Ashenzari
Cheibriados
Dithmenos
Elyvilon
Fedhas
Gozag
Hepliaklqana
Kikubaaqudgha
Makhleb
Nemelex Xobeh
Okawaru
Qazlal
Ru
Trog
Uskayaw
Wu Jian
Xom
Yredelemnul
Zin
The Shining One

Shops:
D:1 [   D:5 *   D:7 (


Innate Abilities, Weirdness & Mutations

You have very sharp teeth.
Your uncanny sense of smell can sniff out nearby items.
Your experience applies equally to all skills.


Message History

You hit the quokka.
The quokka is severely wounded.
You block the quokka's attack.
You closely miss the quokka. Your bite misses the quokka.
The quokka is severely wounded.
You block the quokka's attack.
A rat comes into view. x2
The death yak bellows!
You puncture the quokka!
You kill the quokka!
Cheibriados thoroughly appreciates the change of pace.
You hit the death yak.
The death yak is lightly wounded.
The death yak gores you.
You hit the death yak but do no damage.
The death yak is lightly wounded.
The death yak barely misses you.
You puncture the death yak!
The death yak is moderately wounded.
The death yak gores you but does no damage.
You hit the death yak but do no damage.
You bite the death yak, but do no damage.
The death yak is moderately wounded.
You hit the death yak.
The death yak is moderately wounded.
The death yak gores you but does no damage.
You barely miss the death yak.
You bite the death yak, but do no damage.
The death yak is moderately wounded.
The death yak attacks as you move away! The death yak gores you!
The death yak attacks as you move away! The death yak gores you!!
The death yak barely misses you. The death yak gores you!!
The river rat twitches its whiskers.
The death yak attacks as you move away!
The death yak gores you but does no damage.
The death yak attacks as you move away! The death yak gores you!!
* * * LOW HITPOINT WARNING * * *
The death yak closely misses you. The death yak completely misses you.
The death yak gores you!!
You die...

#.# .### ..... #...
.... ..... #..# #..#
....#####..# #..#
..........+ #..#
#........# #..#
#........#######..#
+.................###
...
#..Y@..........[[....
...r
#..YY...#######<.)###
.....##rr.....#
#...'.#
##......r....#...
#...#..
...................
#...#..
.......!.....♣'♣♣♣'
+...# .
......#+###..♣...
#...# . ......
#..♣.♣♣♣ #...# ...#..
#..♣.. #...#


You could see 3 death yaks, a river rat and 2 rats.

Vanquished Creatures
  A two-headed ogre (D:9)
  2 trolls (D:9)
  4 vampire mosquitoes (D:7)
  3 acid dragons
  2 water moccasins
  Duvessa (D:7)
  2 ice beasts
  2 orc warriors
  2 sky beasts (D:7)
  3 black bears
  2 ogres
  4 centaurs
  An elf zombie (Ossuary)
  4 kobold brigands
  Blork the orc (D:4)
  2 scorpions
  3 bullfrogs
  A gnoll sergeant (Temple)
  8 wights
  Dowan (D:7)
  16 killer bees
  5 electric eels (D:8)
  2 jellies
  3 hounds
  Crazy Yiuf (D:6)
  3 orc priests
  A hell rat (D:10)
  3 iguanas
  7 orc wizards
  3 mummies (Ossuary)
  15 gnolls
  5 adders
  A shadow imp (D:6)
  2 white imps
  3 adder zombies (Ossuary)
  2 worms (D:3)
  3 dart slugs (D:1)
  20 orcs
  2 bats
  3 endoplasms
  4 giant cockroaches
  A gnoll zombie (Ossuary)
  6 goblins
  11 hobgoblins
  6 jackals
  7 quokkas
  8 ball pythons
  3 frilled lizards
  A goblin zombie (Ossuary)
  2 hobgoblin zombies (Ossuary)
  45 kobolds
  8 kobold zombies (Ossuary)
  2 rats (D:2)
  2 rat zombies (Ossuary)
255 creatures vanquished.

Vanquished Creatures (collateral kills)
  3 gnolls
  A white imp (D:5)
  3 kobolds (D:3)
7 creatures vanquished.

Vanquished Creatures (others)
  A hydra (D:8)
  A two-headed ogre (D:10)
  Pikel (D:5)
  An orc warrior (D:10)
  2 wights (D:9)
  Terence (D:3)
  2 gnolls (D:6)
  A kobold (D:8)
10 creatures vanquished.

Grand Total: 272 creatures vanquished

Notes
Turn   | Place    | Note
-------+----------+-------------------------------------------
     0 | D:1      | arthad the Gnoll Wanderer began the quest for the Orb.
     0 | D:1      | arthad set off with the following items: a +1 short sword,
                  | a scroll of teleportation, a +0 robe; and the following
                  | spell memorised: Necrotise; and the following spells
                  | available to memorise: Sublimation of Blood, Dispel Undead.
     0 | D:1      | Reached XP level 1. HP: 17/17 MP: 6/6
   242 | D:1      | Reached XP level 2. HP: 23/23 MP: 3/7
   845 | D:1      | Found Ismury's Antique Armour Shop.
  1314 | D:2      | Reached XP level 3. HP: 28/28 MP: 7/9
  1317 | D:2      | Learned a level 2 spell: Sublimation of Blood
  1337 | D:2      | Reached skill level 5 in Spellcasting
  1509 | D:2      | Found a shimmering altar of Xom.
  1856 | D:2      | Reached skill level 1 in Invocations
  2446 | D:3      | Reached skill level 1 in Long Blades
  2446 | D:3      | Reached skill level 1 in Axes
  2446 | D:3      | Reached skill level 1 in Maces & Flails
  2446 | D:3      | Reached skill level 1 in Polearms
  2446 | D:3      | Reached skill level 1 in Staves
  2446 | D:3      | Reached skill level 1 in Ranged Weapons
  2446 | D:3      | Reached skill level 1 in Throwing
  2446 | D:3      | Reached skill level 1 in Armour
  2446 | D:3      | Reached skill level 1 in Dodging
  2446 | D:3      | Reached skill level 1 in Shields
  2446 | D:3      | Reached skill level 1 in Unarmed Combat
  2446 | D:3      | Reached skill level 1 in Evocations
  2550 | D:3      | Reached XP level 4. HP: 34/34 MP: 2/11
  2721 | D:3      | Reached skill level 1 in Conjurations
  2721 | D:3      | Reached skill level 1 in Hexes
  2721 | D:3      | Reached skill level 1 in Summonings
  2721 | D:3      | Reached skill level 1 in Translocations
  2721 | D:3      | Reached skill level 1 in Transmutations
  2721 | D:3      | Reached skill level 1 in Fire Magic
  2721 | D:3      | Reached skill level 1 in Ice Magic
  2721 | D:3      | Reached skill level 1 in Air Magic
  2721 | D:3      | Reached skill level 1 in Earth Magic
  2721 | D:3      | Reached skill level 1 in Poison Magic
  2721 | D:3      | Reached skill level 1 in Shapeshifting
  2894 | D:3      | Noticed a kobold brigand
  2904 | D:3      | Killed a kobold brigand
  2905 | D:3      | Reached XP level 5. HP: 32/41 MP: 2/12
  3041 | D:3      | Reached XP level 6. HP: 45/47 MP: 7/14
  3098 | D:3      | Learned a level 4 spell: Dispel Undead
  3102 | D:3      | Learned a level 3 spell: Summon Guardian Golem
  3107 | D:3      | Learned a level 4 spell: Anguish
  3863 | D:3      | Reached XP level 7. HP: 52/52 MP: 11/15
  3908 | D:3      | Reached skill level 7 in Short Blades
  4380 | D:3      | Noticed Terence
  4402 | D:3      | Killed Terence
  5073 | D:4      | Found a sparkling altar of Nemelex Xobeh.
  5100 | D:4      | Learned a level 2 spell: Blink
  5213 | D:4      | Noticed Blork the orc
  5221 | D:4      | Killed Blork the orc
  5488 | D:5      | Entered Level 5 of the Dungeon
  5497 | D:5      | Reached XP level 8. HP: 45/60 MP: 8/16
  5642 | D:5      | Noticed Pikel
  5686 | D:5      | Killed Pikel
  6286 | D:5      | Found Qibliapn's Assorted Antiques.
  6355 | D:5      | Bought a sapphire potion for 30 gold pieces
  6355 | D:5      | Bought a scroll labelled ITZISYF ITIBB for 34 gold pieces
  6355 | D:5      | Bought a scroll labelled DIOC CAGAKH for 34 gold pieces
  6355 | D:5      | Bought a runed rapier for 238 gold pieces
  6783 | D:6      | Found a staircase to the Ecumenical Temple.
  6833 | D:6      | Found a sand-covered staircase.
  6838 | Ossuary  | Entered an ossuary
  6969 | Ossuary  | Reached XP level 9. HP: 66/66 MP: 18/18
  7147 | D:6      | Found a runed translucent door.
  7148 | D:6      | Noticed Crazy Yiuf
  7458 | Temple   | Entered the Ecumenical Temple
  7463 | Temple   | Reached skill level 5 in Fighting
  7547 | Temple   | Became a worshipper of Cheibriados the Contemplative
  7899 | D:6      | Killed Crazy Yiuf
  7992 | D:7      | Reached skill level 5 in Stealth
  8014 | D:7      | Reached skill level 8 in Short Blades
  8240 | D:7      | Found Obbauxy's Antique Weapon Boutique.
  8285 | D:7      | Identified the +10 chain mail of Dishonour {rPois rCorr
                  | Str-5}
  8293 | D:7      | Reached * piety under Cheibriados
  8335 | D:7      | Reached skill level 5 in Invocations
  8361 | D:7      | Noticed Dowan
  8364 | D:7      | Noticed Duvessa
  8387 | D:7      | Killed Dowan
  8394 | D:7      | Killed Duvessa
  8395 | D:7      | Reached XP level 10. HP: 50/75 MP: 3/20
  8563 | D:7      | Found a bloodstained altar of Trog.
  8905 | D:7      | Reached skill level 5 in Long Blades
  8905 | D:7      | Reached skill level 5 in Axes
  8905 | D:7      | Reached skill level 5 in Maces & Flails
  8905 | D:7      | Reached skill level 5 in Polearms
  8905 | D:7      | Reached skill level 5 in Staves
  8905 | D:7      | Reached skill level 5 in Ranged Weapons
  8905 | D:7      | Reached skill level 5 in Throwing
  8905 | D:7      | Reached skill level 5 in Armour
  8905 | D:7      | Reached skill level 5 in Dodging
  8905 | D:7      | Reached skill level 5 in Shields
  8905 | D:7      | Reached skill level 5 in Unarmed Combat
  8905 | D:7      | Reached skill level 5 in Evocations
  8965 | D:7      | Found a hide-covered altar of Uskayaw.
  8972 | D:7      | Found a blossoming altar of Fedhas.
  9136 | D:8      | Found a broken altar of Ashenzari.
  9272 | D:7      | Reached ** piety under Cheibriados
  9735 | D:8      | Reached *** piety under Cheibriados
 10449 | D:8      | Found a white marble altar of Elyvilon.
 10501 | D:8      | Noticed a four-headed hydra
 10540 | D:8      | Killed a four-headed hydra
 10786 | D:8      | Learned a level 4 spell: Iskenderun's Mystic Blast
 11243 | D:9      | Noticed a two-headed ogre
 11247 | D:9      | Reached **** piety under Cheibriados
 11271 | D:9      | Killed a two-headed ogre
 11272 | D:9      | Reached skill level 9 in Short Blades
 11272 | D:9      | Reached skill level 5 in Conjurations
 11272 | D:9      | Reached skill level 5 in Hexes
 11272 | D:9      | Reached skill level 5 in Summonings
 11272 | D:9      | Reached skill level 5 in Translocations
 11272 | D:9      | Reached skill level 5 in Transmutations
 11272 | D:9      | Reached skill level 5 in Fire Magic
 11272 | D:9      | Reached skill level 5 in Ice Magic
 11272 | D:9      | Reached skill level 5 in Air Magic
 11272 | D:9      | Reached skill level 5 in Earth Magic
 11272 | D:9      | Reached skill level 5 in Poison Magic
 11272 | D:9      | Reached skill level 5 in Shapeshifting
 11272 | D:9      | Reached XP level 11. HP: 38/83 MP: 15/22
 11844 | D:10     | Entered Level 10 of the Dungeon
 11850 | D:10     | Noticed a two-headed ogre
 11856 | D:10     | Killed a two-headed ogre
 12064 | D:10     | Noticed a death yak
 12066 | D:10     | Noticed a death yak
 12066 | D:10     | Noticed a death yak
 12079 | D:10     | Mangled by a death yak

Illustrated notes

Levels and vault maps discovered:
D:1:      lightli_arrival_farm, layout_loops_corners, serial_shops,
          nicolae_shop_statue_plus, st_stairs_10,
          nicolae_kite_square_tiling_tiny
D:2:      layout_basic, basic_altar
D:3:      minmay_goblin_kobold_castle, layout_basic, serial_corexii_hall,
          corexii_hall_statues_x, corexii_hall_statues_l,
          corexii_hall_statues_t, corexii_hall_statues_l,
          chequers_hall_statues_wall_a, corexii_hall_statues_u, minmay_unequal,
          uniq_terence
D:4:      layout_cave_pools, mainiacjoe_overflow_catwalk, uniq_blork_the_orc
D:5:      layout_basic, serial_shops, nicolae_shop_getting_attention, hex_tiny,
          minmay_misc_feat_nine_boxes, uniq_pikel
D:6:      layout_rooms, minmay_temple_entry_water_ring,
          nicolae_ossuary_entry_false_entrances, minmay_misc_feat_chi,
          uniq_crazy_yiuf_cottage
D:7:      layout_basic, mainiacjoe_overflow_alcove_4,
          mainiacjoe_overflow_big_doors, serial_shops,
          nicolae_shop_temple_entry_statues_fountains, hangedman_decor_riveting,
          uniq_duvessa
D:8:      minmay_chambers_of_fours, layout_cave_pools,
          nicolae_overflow_hidden_temple, mainiacjoe_overflow_tiny_flanked,
          serial_bayou_lake_a
D:9:      layout_roguey
D:10:     layout_irregular_city, mainiacjoe_overflow_six_doors_small,
          lemuel_doored_altar, dpeg_lair_monsters, serial_shops, shop
Temple:   zaba_magenta_temple

Skill      XL: |  1  2  3  4  5  6  7  8  9 10 11 |
---------------+----------------------------------+-----
Spellcasting   | 5 6 7 8 |  8.1
Invocations    | 1 2 3 4 5 6 |  6.9
Long Blades    | 1 2 3 4 6 |  6.2
Axes           | 1 2 3 4 6 |  6.2
Maces & Flails | 1 2 3 4 6 |  6.2
Polearms       | 1 2 3 4 6 |  6.2
Staves         | 1 2 3 4 6 |  6.2
Ranged Weapons | 1 2 3 4 6 |  6.2
Throwing       | 1 2 3 4 6 |  6.2
Armour         | 1 2 3 4 6 |  6.2
Dodging        | 1 2 3 4 6 |  6.2
Shields        | 1 2 3 4 6 |  6.2
Unarmed Combat | 1 2 3 4 6 |  6.2
Evocations     | 1 2 3 4 6 |  6.2
Conjurations   | 1 2 3 4 5 |  5.2
Hexes          | 1 2 3 4 5 |  5.2
Summonings     | 1 2 3 4 5 |  5.2
Translocations | 1 2 3 4 5 |  5.2
Transmutations | 1 2 3 4 5 |  5.2
Fire Magic     | 1 2 3 4 5 |  5.2
Ice Magic      | 1 2 3 4 5 |  5.2
Air Magic      | 1 2 3 4 5 |  5.2
Earth Magic    | 1 2 3 4 5 |  5.2
Poison Magic   | 1 2 3 4 5 |  5.2
Shapeshifting  | 1 2 3 4 5 |  5.2
Fighting       | 3 4 5 6 |  6.8
Stealth        | 3 4 5 6 |  6.7
Short Blades   | 7 8 9 |  9.2
Necromancy     | 6 7 |  7.6

Action                     |  1- 3 |  4- 6 |  7- 9 | 10-12 || total
---------------------------+-------+-------+-------+-------++-------
  Melee: Short sword       |     2 |    24 |    39 |       ||    65
         Punch             |       |     1 |     5 |    10 ||    16
         Rapier            |       |       |   118 |   257 ||   375
         Bite              |       |       |    12 |    27 ||    39
   Cast: Necrotise         |    80 |   117 |   172 |    37 ||   406
         Summon Guardian G |       |       |     4 |     6 ||    10
         Anguish           |       |       |     3 |     2 ||     5
         Dispel Undead     |       |       |     5 |     8 ||    13
         Blink             |       |       |     1 |       ||     1
         Iskenderun's Myst |       |       |       |    19 ||    19
  Evoke: Wand              |       |       |     1 |       ||     1
    Use: Potion            |       |     1 |     1 |     6 ||     8
         Scroll            |       |       |     9 |       ||     9
   Stab: Sleeping          |       |       |     5 |     1 ||     6
 Armour: Robe              |     2 |    21 |    58 |   112 ||   193
  Dodge: Dodged            |     6 |    42 |    87 |   290 ||   425
  Block: Other             |     2 |    14 |    41 |    85 ||   142
         Reflection        |     1 |       |     3 |     6 ||    10

Table legend: (Time is in decaauts)
 A = Elapsed time spent in this place.
 B = Non-inter-level travel time spent in this place.
 C = Inter-level travel time spent in this place.
 D = Time resting spent in this place.
 E = Time spent auto-exploring this place.
 F = Levels seen in this place.
 G = Mean time per level.
                   A        B        C        D        E       F      G
               +--------+--------+--------+--------+--------+-----+--------+
         Total |  13042 |  12606 |    436 |    497 |  10190 |  12 | 1086.8 |
       Dungeon |  12688 |  12284 |    404 |    497 |  10006 |  10 | 1268.8 |
        Temple |    108 |     76 |     32 |      0 |     68 |   1 |  108.0 |
       Ossuary |    246 |    246 |      0 |      0 |    116 |   1 |  246.0 |
               +--------+--------+--------+--------+--------+-----+--------+

Top non-repeatable levels by time:
     D:3: 2556 daAuts
     D:8: 1985 daAuts
     D:7: 1631 daAuts
     D:1: 1329 daAuts
     D:9: 1298 daAuts
     D:5: 1264 daAuts
     D:2: 927 daAuts
     D:6: 886 daAuts
     D:4: 691 daAuts
 Ossuary: 246 daAuts
    D:10: 117 daAuts
  Temple: 108 daAuts
